 Dungeon Crawl Stone Soup version 0.31-a0-702-gf82c85558f (webtiles) character file.

Game seed: 15778051298881445712

353 qw the Shooter (level 6, -3/38 HPs)
             Began as a Gargoyle Hunter on Sept 7, 2023.
             Slain by Robin
             ... wielding a +0 trident
              (6 damage)
             ... on level 4 of the Dungeon.
             The game lasted 00:01:10 (3079 turns).

qw the Shooter (Gargoyle Hunter)                    Turns: 3079, Time: 00:01:10

Health: -3/38      AC: 16    Str: 15    XL:     6   Next: 62%
Magic:  6/6        EV: 11    Int:  9    God:
Gold:   288        SH:  0    Dex: 15    Spells: 5/5 levels left

rFire   . . .        Y - +1 shortbow (heavy)
rCold   . . .        (shield currently unavailable)
rNeg    + . .        k - +0 ring mail
rPois   inf          (no helmet)
rElec   +            a - +0 cloak
rCorr   .            (no gloves)
SInv    .            g - +0 pair of boots
Will    .....        (no amulet)
Stlth   +            h - +4 ring of protection
HPRegen 0.26/turn    (no ring)
MPRegen 0.10/turn

%: no passive effects
@: no status effects
A: sickness immunity, AC +4, negative energy resistance 1, electricity
resistance, torment resistance 1, petrification resistance
a: no special abilities


You were on level 4 of the Dungeon.
You visited 1 branch of the dungeon, and saw 6 of its levels.

You collected 316 gold pieces.
You spent 28 gold pieces at shops.


Innate Abilities, Weirdness & Mutations

You are immune to sickness and miasma.
Your stone body is resilient. (AC +4)
You are immune to poison.
You resist negative energy. (rN+)
You are resistant to electric shocks. (rElec)
You are resistant to unholy torment.
You are immune to petrification.


   Skills:
 - Level 4.0 Fighting
 + Level 6.1 Ranged Weapons
 - Level 3.4 Armour
 - Level 1.5 Dodging
 - Level 1.1 Stealth


You had 5 spell levels left.
You didn't know any spells.
Your spell library was empty.

Inventory:

Hand Weapons
 Y - a +1 heavy shortbow (weapon)
Armour
 a - a +0 cloak (worn)
 g - a +0 pair of boots (worn)
 k - a +0 ring mail (worn)
Jewellery
 h - a +4 ring of protection (left hand)
Scrolls
 f - 2 scrolls of identify
Potions
 e - 2 potions of curing
 i - a potion of degeneration {unknown}
 j - a potion of brilliance {unknown}
 l - 2 potions of haste {unknown}
 m - a potion of attraction {unknown}
 n - a potion of mutation {unknown}

Dungeon Overview and Level Annotations

Branches:
Dungeon (6/15)
 Temple: D:4-7

Altars:
Gozag

Shops:
D:1 ?

Annotations:
D:4 Menkaure, Robin


Message History

The goblin misses you. The goblin barely misses you.
The goblin closely misses you. The hobgoblin completely misses you.
The goblin misses you. The goblin closely misses you.
You shoot an arrow. The arrow barely misses the hobgoblin.
The goblin barely misses you. The hobgoblin misses you.
The goblin closely misses you. x3
You shoot an arrow. The arrow hits the hobgoblin!
You kill the hobgoblin!
Robin throws the goblin at you! The goblin hits you but does no damage.
The goblin hits you with a +0 club. The goblin hits you but does no damage.
Robin hits you but does no damage. The goblin barely misses you. x2
The goblin hits you but does no damage.
Menkaure gestures wildly while chanting.
Menkaure seems to speed up.
You shoot an arrow. The arrow hits the goblin!
You kill the goblin!
Robin throws the goblin at you! The goblin hits you but does no damage.
The goblin barely misses you.
The goblin hits you but does no damage. x2
The goblin closely misses you. Robin hits you but does no damage.
The goblin barely misses you.
You shoot an arrow. The arrow hits the goblin!
You kill the goblin!
Menkaure hits you but does no damage. Robin throws the goblin at you!
The goblin closely misses you. The goblin hits you but does no damage.
The goblin hits you with a +0 club. Menkaure hits you but does no damage.
The goblin hits you but does no damage. Robin barely misses you.
The goblin hits you but does no damage. The goblin closely misses you.
You shoot an arrow. The arrow barely misses Menkaure.
The goblin no longer looks unusually strong.
Menkaure hits you! Robin hits you but does no damage.
The goblin barely misses you.
The goblin hits you but does no damage. x2
The goblin barely misses you. Menkaure closely misses you.
You shoot an arrow. The arrow hits Menkaure.
Menkaure is lightly damaged.
Menkaure hits you! Robin closely misses you. The goblin closely misses you.
The goblin hits you but does no damage. x2; The goblin closely misses you.
Menkaure hits you but does no damage.
Robin hits you from afar with a +0 trident.
You die...
Robin lets out a smug laugh.

##.......)....###......
#.............##.......
...............#.....# .
......^......<......##..
.......................#
.........#.#............
.......).###............
...[..####.....ggg...#
.#....#.#.....##@g####
.####.......###..M...#
..# #...##..# #..g...#
..###.####..# ...)....#
........###..........##
........>.#.##...#..##
.<...............##.)#
#...............## )..g
................( ...


You could see Menkaure (fast), Robin and 4 goblins.

Vanquished Creatures
  An ogre (D:5)
  2 hounds (D:4)
  11 adders
  A worm (D:3)
  2 dart slugs
  2 orcs
  8 bats
  7 endoplasms
  2 giant cockroaches
  9 goblins
  9 hobgoblins
  5 jackals
  9 quokkas
  8 ball pythons
  6 frilled lizards
  10 kobolds
  4 rats
96 creatures vanquished.

Notes
Turn   | Place    | Note
-------+----------+-------------------------------------------
     0 | D:1      | qw the Gargoyle Hunter began the quest for the Orb.
     0 | D:1      | Reached XP level 1. HP: 12/12 MP: 1/1
     0 | D:1      | 0 ||| qw: Version: 0.3-a-76-g4403597
     0 | D:1      | 0 ||| qw: Game counter: 897
     0 | D:1      | 0 ||| qw: Melee chars always use a shield: true
     0 | D:1      | 0 ||| qw: God list: Okawaru
     0 | D:1      | 0 ||| qw: Allow faded altars: false
     0 | D:1      | 0 ||| qw: Do Orc after clearing Dungeon:15 true
     0 | D:1      | 0 ||| qw: Do second Lair branch before Depths: true
     0 | D:1      | 0 ||| qw: Lair rune preference: random
     0 | D:1      | 0 ||| qw: Goals: Normal
     0 | D:1      | 0 ||| PLANNING D:1-11
    50 | D:1      | Reached XP level 2. HP: 17/17 MP: 2/2
   253 | D:1      | Found Itumin's Magic Scroll Boutique.
   261 | D:1      | 261 ||| SHOPLISTING scroll of enchant armour (105 gold,
                  | have 48).
   261 | D:1      | 261 ||| BUYING scroll of identify (28 gold).
   261 | D:1      | Bought a scroll of identify for 28 gold pieces
   448 | D:1      | Reached XP level 3. HP: 21/21 MP: 3/3
   559 | D:1      | Reached skill level 5 in Ranged Weapons
   638 | D:1      | 638 ||| UPGRADING to +0 pair of boots.
   643 | D:1      | 643 ||| UPGRADING to +4 ring of protection.
   644 | D:1      | 644 ||| READING scroll labelled NOD UCIXZOC.
   645 | D:1      | 645 ||| DRINKING 2 sedimented black potions.
   646 | D:1      | 646 ||| DROPPING scroll of butterflies.
   857 | D:2      | Reached skill level 3 in Fighting
  1088 | D:2      | Reached XP level 4. HP: 28/28 MP: 4/4
  1359 | D:2      | Noticed an eye of devastation
  1380 | D:2      | Found a faded altar of an unknown god.
  1385 | D:2      | Noticed a shining eye
  1391 | D:2      | Noticed a floating eye
  1406 | D:2      | Noticed a floating eye
  1596 | D:2      | 1596 ||| UPGRADING to +0 ring mail.
  1606 | D:2      | 1606 ||| DROPPING +0 leather armour.
  1607 | D:2      | 1607 ||| DROPPING amulet of magic regeneration.
  1608 | D:2      | 1608 ||| READING scroll labelled ILLOXK WALACH.
  1609 | D:2      | 1609 ||| READING scroll labelled TAUSITEYTET.
  1662 | D:3      | Found an opulent altar of Gozag.
  1804 | D:3      | You fall into a shaft and drop 3 floors!
  1811 | D:6      | 1811 ||| READING scroll labelled TIUNINGUHYO.
  1821 | D:5      | Entered Level 5 of the Dungeon
  1821 | D:5      | Noticed an ogre
  1828 | D:5      | Killed an ogre
  1829 | D:5      | Reached skill level 3 in Armour
  1829 | D:5      | Reached XP level 5. HP: 20/32 MP: 5/5
  1896 | D:5      | 1896 ||| READING scroll labelled JEAXO FEVOOK.
  2304 | D:3      | Reached XP level 6. HP: 35/37 MP: 6/6
  2515 | D:3      | Reached skill level 6 in Ranged Weapons
  2775 | D:3      | 2775 ||| UPGRADING to +0 cloak.
  2780 | D:3      | 2780 ||| READING scroll labelled BEMAUN JEE.
  2805 | D:3      | 2805 ||| READING scroll labelled PUFIMEFFECKA.
  2806 | D:3      | 2806 ||| READING scroll labelled SIOPLA KOFIL.
  3040 | D:4      | 3040 ||| READING scroll of brand weapon.
  3040 | D:4      | 3040 ||| BRANDING +1 shortbow of freezing.
  3067 | D:4      | Noticed Robin
  3070 | D:4      | Noticed Menkaure
  3071 | D:4      | 3071 ||| Stepping ~*~*~tactically~*~*~ (outnumbered).
  3079 | D:4      | HP: 3/38 [Menkaure (16)]
  3079 | D:4      | Slain by Robin

Levels and vault maps discovered:
D:1:      elethiomel_arrival_shortcut, layout_loops_ring, serial_shops, shop
D:2:      layout_loops_corners, hellmonk_ecumenical_altar_watching_god,
          minmay_strange_pillars, grunt_ministairs_12, nrook_mini_backslash,
          kennysheep_generic_room_11
D:3:      wad_river_or_something, layout_basic, nicolae_gozag_seed_capital,
          nicolae_half_adder
D:4:      layout_cave_pools, minmay_temple_entry_drinking_statues, uniq_robin,
          uniq_menkaure
D:5:      layout_basic, mainiacjoe_overflow_swirl
D:6:      layout_basic

Skill      XL: |  1  2  3  4  5  6 |
---------------+-------------------+-----
Ranged Weapons | 5 6 |  6.1
Fighting       | 3 4 |  4.0
Armour         | 3 |  3.4
Dodging        | |  1.5
Stealth        | |  1.1

Action                     |  1- 3 |  4- 6 || total
---------------------------+-------+-------++-------
   Fire: Shortbow          |    99 |   169 ||   268
    Use: Scroll            |     1 |     8 ||     9
         Potion            |     1 |       ||     1
 Armour: Leather armour    |    25 |     3 ||    28
         Ring mail         |       |    87 ||    87
  Dodge: Dodged            |    39 |    98 ||   137

Table legend:
 A = Non-vault XP
 B = Vault XP
 C = Vault XP percentage of total XP
 D = Non-vault monster count
 E = Vault monster count
 F = Vault count percentage of total count
                 A         B        C        D         E       F
            +---------+---------+-------+---------+---------+-------
      Total |     393 |     112 |  22.2 |      73 |      23 |  24.0
            +---------+---------+-------+---------+---------+-------
        D:1 |      40 |       0 |   0.0 |      23 |       0 |   0.0
        D:2 |      33 |      17 |  34.0 |      13 |       3 |  18.8
        D:3 |      67 |      83 |  55.3 |      22 |      13 |  37.1
        D:4 |     114 |      12 |   9.5 |      13 |       7 |  35.0
        D:5 |     139 |       0 |   0.0 |       2 |       0 |   0.0
            +---------+---------+-------+---------+---------+-------
